[Event "Titled Tuesday Blitz December 14 2021"]
[White "Dev, Shah"]
[Black "Makhnev, Denis"]
[WhiteFideId "35019058"]
[BlackFideId "13707647"]
[WhiteElo "2098"]
[BlackElo "2491"]
[Result "0-1"]
[Round "07"]
[TimeControl "180+1"]
[Date "2021.12.14"]
[WhiteClock "0:00:08"]
[BlackClock "0:00:20"]

1. d4 Nf6 2. c4 e6 3. Nf3 b6 4. g3 Ba6 5. Nbd2 c5 6. Bg2 Bb7 7. dxc5 Bxc5 8. O-O O-O 9. a3 a5 10. b3 d6 11. Bb2 Nbd7 12. Bc3 d5 13. Ne5 d4 14. Bxb7 Nxe5 15. Bb2 Ra7 16. Bg2 Rd7 17. Nf3 Ng6 18. Qd2 h6 19. b4 Be7 20. Qc2 axb4 21. axb4 Bxb4 22. Nxd4 Rxd4 23. Bxd4 Qxd4 24. Rfb1 Bc5 25. e3 Qe5 26. Ra7 h5 27. h3 Ne7 28. Rb5 Nf5 29. Qb2 Qd6 30. Ra1 Rd8 31. Qc2 Nxe3 32. fxe3 Qxg3 33. Rb3 Bxe3+ 34. Kh1 Ng4 35. hxg4 Qh4+ 36. Bh3 Qxh3+ 37. Qh2 Qf3+ 38. Qg2 Rd1+ 39. Rxd1 Qxd1+ 40. Kh2 Bf4+ 0-1


[Site "https://www.chess.com"]

[Event "Titled Tuesday Blitz December 14 2021"]
[White "Di Nicolantonio, Lucas"]
[Black "Shkapenko, Pavel"]
[WhiteFideId "680460"]
[BlackFideId "4151933"]
[WhiteElo "2381"]
[BlackElo "2386"]
[Result "0-1"]
[Round "07"]
[TimeControl "180+1"]
[Date "2021.12.15"]
[WhiteClock "0:00:03"]
[BlackClock "0:00:11"]

1. d4 Nf6 2. Bg5 Ne4 3. Bf4 d5 4. e3 c5 5. Bd3 Nf6 6. c3 Nc6 7. Nf3 Bg4 8. O-O e6 9. Nbd2 Be7 10. h3 Bh5 11. Qa4 O-O 12. Rfe1 Bg6 13. Bxg6 hxg6 14. dxc5 Bxc5 15. Rad1 Qb6 16. b4 Be7 17. e4 dxe4 18. Nxe4 Nd5 19. Bh2 Rfd8 20. Qb3 Nf6 21. Ned2 Rd7 22. Nc4 Qd8 23. Rxd7 Qxd7 24. Rd1 Qe8 25. b5 Nb8 26. Bd6 Nbd7 27. Bxe7 Qxe7 28. Nd6 Nc5 29. Qb4 Nfd7 30. Nxb7 Rc8 31. Nxc5 Nxc5 32. Ne5 Qg5 33. Nc6 Kh7 34. h4 Qh5 35. Rd4 e5 36. Rd5 Ne6 37. Rxe5 Qd1+ 38. Kh2 Qd2 39. f3 Nf4 40. Rg5 Re8 41. c4 Qf2 42. Qc3 Qxh4+ 43. Kg1 Re1+ 44. Qxe1 Qxe1+ 45. Kh2 Qh4+ 46. Kg1 Qxg5 0-1


[Site "https://www.chess.com"]

[Event "Titled Tuesday Blitz December 14 2021"]
[White "Dobrov, Vladimir"]
[Black "Babazada, Khazar"]
[WhiteFideId "4136594"]
[BlackFideId "13413554"]
[WhiteElo "2614"]
[BlackElo "2302"]
[Result "1-0"]
[Round "07"]
[TimeControl "180+1"]
[Date "2021.12.14"]
[WhiteClock "0:00:54"]
[BlackClock "0:01:06"]

1. d4 Nf6 2. c4 g6 3. Nc3 Bg7 4. e4 d6 5. Be2 O-O 6. Nf3 Na6 7. O-O e5 8. Be3 Bg4 9. d5 Bxf3 10. Bxf3 Nd7 11. Be2 f5 12. f3 f4 13. Bf2 g5 14. a3 h5 15. b4 Rf6 16. Rc1 Rg6 17. Kh1 Nf6 18. c5 Nb8 19. cxd6 cxd6 20. Nb5 Na6 21. Nxa7 g4 22. Bg1 Qd7 23. Nc6 Rf8 24. b5 Nc7 25. b6 gxf3 26. Bxf3 Nce8 27. a4 Kh8 28. a5 Bh6 29. Qd3 Rfg8 30. Rc2 Ng4 31. a6 bxa6 32. Qxa6 R6g7 33. Rb2 Nc7 34. bxc7 Qxc7 35. Qa7 1-0


[Site "https://www.chess.com"]

[Event "Titled Tuesday Blitz December 14 2021"]
[White "Dolzhykova, Kateryna"]
[Black "Radovic, Janko"]
[WhiteFideId "14113414"]
[BlackFideId "911518"]
[WhiteElo "2094"]
[BlackElo "2293"]
[Result "1-0"]
[Round "07"]
[TimeControl "180+1"]
[Date "2021.12.15"]
[WhiteClock "0:00:15"]
[BlackClock "0:00:17"]

1. Nf3 d5 2. g3 Nf6 3. Bg2 e6 4. O-O Be7 5. c4 O-O 6. b3 c5 7. Bb2 b6 8. d4 Bb7 9. Ne5 Nbd7 10. Nd2 cxd4 11. Nxd7 Qxd7 12. Bxd4 dxc4 13. Nxc4 Bxg2 14. Kxg2 Rfd8 15. e3 b5 16. Ne5 Qd5+ 17. Qf3 Bc5 18. Bxc5 Qxc5 19. Nc6 Rd5 20. Rac1 Qf8 21. e4 Rc5 22. Qe3 Rh5 23. h3 Rh6 24. Rfd1 Rg6 25. Nxa7 h5 26. h4 Ng4 27. Qb6 e5 28. Qb7 Rf6 29. Rc2 Rd8 30. Rxd8 Qxd8 31. Rc8 Rxf2+ 32. Kg1 Rd2 33. Rxd8+ Rxd8 34. Qxb5 Rd1+ 35. Kg2 Rd2+ 36. Kf1 Rd1+ 37. Ke2 Rd8 38. Qb6 Rd4 39. Nc6 Rxe4+ 40. Kd3 Re1 41. a4 e4+ 42. Kc4 Rc1+ 43. Kb4 e3 44. Nd4 Ne5 45. a5 Nd3+ 46. Kb5 Rc5+ 47. Qxc5 Nxc5 48. Kxc5 f6 49. Ne2 g5 50. hxg5 fxg5 51. a6 h4 52. gxh4 gxh4 53. a7 Kg7 54. a8=Q Kh7 55. Qh1 Kg7 56. Qxh4 Kf7 57. Qe4 Kf8 58. Qxe3 Kf7 59. b4 Kg8 60. b5 Kg7 61. b6 Kf8 62. b7 Kf7 63. b8=Q Kg6 64. Qa3 Kg7 65. Qb6 Kf7 66. Qaa7+ Kg8 67. Qbb8# 1-0


[Site "https://www.chess.com"]

[Event "Titled Tuesday Blitz December 14 2021"]
[White "Dubov, Daniil"]
[Black "Cunha, Lucas Aguiar"]
[WhiteFideId "24126055"]
[BlackFideId "2125404"]
[WhiteElo "2749"]
[BlackElo "2361"]
[Result "1-0"]
[Round "07"]
[TimeControl "180+1"]
[Date "2021.12.14"]
[WhiteClock "0:01:13"]
[BlackClock "0:00:48"]

1. e4 c5 2. Nf3 e6 3. c3 d5 4. exd5 Qxd5 5. d4 Nf6 6. Na3 Nc6 7. Nb5 Qd8 8. Bf4 Nd5 9. Bg5 f6 10. Bd2 a6 11. Na3 cxd4 12. cxd4 Bxa3 13. bxa3 O-O 14. Bd3 Qd6 15. O-O Qxa3 16. Qe2 Bd7 17. Rab1 b5 18. Rb3 Qxa2 19. Rfb1 Rac8 20. h4 Na5 21. R3b2 Qa3 22. h5 Nc3 23. Bxc3 Rxc3 24. Ra2 Rc1+ 25. Ne1 Qc3 26. Rxc1 Qxc1 27. Rxa5 Bc8 28. Ra2 Qc3 29. Rc2 Qb3 30. Qe4 f5 31. Qe5 Qd5 32. Qxd5 exd5 33. Nf3 b4 34. Rb2 a5 35. Ra2 b3 36. Rxa5 Bd7 37. Rxd5 Bc6 38. Rc5 Be4 39. Bc4+ Kh8 40. Bxb3 1-0


[Site "https://www.chess.com"]

[Event "Titled Tuesday Blitz December 14 2021"]
[White "Gabrielian, Artur"]
[Black "Chigaev, Maksim"]
[WhiteFideId "4131002"]
[BlackFideId "4108116"]
[WhiteElo "2440"]
[BlackElo "2546"]
[Result "0-1"]
[Round "07"]
[TimeControl "180+1"]
[Date "2021.12.14"]
[WhiteClock "0:00:06"]
[BlackClock "0:00:06"]

1. e4 e6 2. d3 d5 3. Qe2 d4 4. Nf3 c5 5. g3 Nc6 6. Bg2 e5 7. O-O Bd6 8. c3 Nge7 9. a4 Be6 10. Na3 f6 11. Nd2 Qd7 12. Ndc4 Bc7 13. f4 a6 14. fxe5 Nxe5 15. cxd4 cxd4 16. Qh5+ Bf7 17. Nxe5 Bxe5 18. Qe2 O-O 19. Bf4 Ng6 20. Bd2 Rac8 21. a5 Bd6 22. Rac1 Ne5 23. h3 Qa4 24. h4 Qb3 25. Bf4 Rxc1 26. Bxc1 Qxd3 27. Qxd3 Nxd3 28. e5 fxe5 29. Bxb7 Bxa3 30. bxa3 Bc4 31. Rxf8+ Kxf8 32. Bd2 Ke7 33. Be4 h6 34. h5 Kd6 35. g4 Bb5 36. Kh2 Nc5 37. Bb4 Bc6 38. Bd3 Bb7 39. Bc4 e4 40. Kg3 e3 41. Kf4 Bc8 42. Kg3 Kc6 43. Kf4 Bd7 44. Ke5 d3 45. Bxc5 Kxc5 46. Bxd3 Bb5 47. Ke4 e2 48. Bxe2 Bxe2 0-1


[Site "https://www.chess.com"]

[Event "Titled Tuesday Blitz December 14 2021"]
[White "Garagulya, Konstantin"]
[Black "Ezat, Mohamed"]
[WhiteFideId "4128931"]
[BlackFideId "10600906"]
[WhiteElo "2329"]
[BlackElo "2400"]
[Result "1-0"]
[Round "07"]
[TimeControl "180+1"]
[Date "2021.12.15"]
[WhiteClock "0:00:16"]
[BlackClock "0:00:09"]

1. d4 Nf6 2. Nf3 g6 3. Nc3 d5 4. Bf4 Bg7 5. e3 O-O 6. Nb5 Na6 7. c4 c5 8. Nc3 cxd4 9. exd4 Ne4 10. Qb3 Qa5 11. cxd5 Bg4 12. Be2 Nxc3 13. bxc3 Rac8 14. Rc1 Bxf3 15. Bxf3 Bxd4 16. O-O Nc5 17. Qc4 Bg7 18. Qe2 Rfe8 19. c4 e5 20. Rfd1 exf4 21. Qc2 Nd7 22. Bg4 f5 23. Be2 b6 24. h4 Re4 25. Bd3 Rd4 26. h5 Ne5 27. Bxf5 gxf5 28. Rxd4 Nf3+ 29. gxf3 Bxd4 30. Qxf5 Rf8 31. Qe6+ Kh8 32. Kh2 Qd2 33. Qe1 Qd3 34. Qe4 Qxe4 35. fxe4 f3 36. Kg3 Be5+ 37. Kg4 Rf4+ 38. Kg5 Kg7 39. h6+ Kf7 40. c5 Rf6 41. c6 Bf4+ 42. Kg4 Bxc1 43. c7 Rg6+ 44. Kxf3 Rg8 45. d6 Ke6 46. e5 Kd7 47. Ke4 Bxh6 48. Kd5 Bf4 49. e6+ Kc8 50. Kc6 Bxd6 51. Kxd6 h5 52. f4 1-0


[Site "https://www.chess.com"]

[Event "Titled Tuesday Blitz December 14 2021"]
[White "Dronavalli, Harika"]
[Black "Guseva, Marina"]
[WhiteFideId "5015197"]
[BlackFideId "4149351"]
[WhiteElo "2382"]
[BlackElo "2279"]
[Result "0-1"]
[Round "07"]
[TimeControl "180+1"]
[Date "2021.12.15"]
[WhiteClock "0:00:07"]
[BlackClock "0:00:04"]

1. Nf3 Nf6 2. c4 e6 3. g3 d5 4. b3 Be7 5. Bg2 O-O 6. O-O b6 7. Bb2 Bb7 8. e3 dxc4 9. bxc4 c5 10. Qe2 Nc6 11. Nc3 Qc7 12. Rfd1 Na5 13. d3 a6 14. Rab1 Rab8 15. a4 Rfd8 16. Ne1 Bxg2 17. Nxg2 Ne8 18. f4 Nd6 19. g4 b5 20. axb5 axb5 21. cxb5 Nxb5 22. Ne4 Nc6 23. g5 Nd6 24. Nxc5 Qa7 25. Ne4 Nxe4 26. dxe4 Rxd1+ 27. Rxd1 Qa2 28. Rd2 Qb1+ 29. Kf2 Qxe4 30. Qf3 Qc4 31. Kg3 Nb4 32. Be5 Rc8 33. Qd1 Nd5 34. Rd4 Qc6 35. Rd3 f6 36. gxf6 Bxf6 37. Qh5 Bxe5 38. Qxe5 Nf6 39. Rd4 Re8 40. h3 h6 41. Kh2 Qc2 42. e4 Kh8 43. Kg3 Ra8 44. Ne3 Ra3 45. Rd8+ Kh7 46. Qd4 Nxe4+ 47. Kf3 Ra4 48. Qd3 Qf2+ 49. Kg4 Qg3+ 50. Kh5 g6# 0-1


[Site "https://www.chess.com"]

[Event "Titled Tuesday Blitz December 14 2021"]
[White "Harshavardhan G B"]
[Black "Terry, Renato"]
[WhiteFideId "25059009"]
[BlackFideId "3803457"]
[WhiteElo "1825"]
[BlackElo "2577"]
[Result "0-1"]
[Round "07"]
[TimeControl "180+1"]
[Date "2021.12.14"]
[WhiteClock "0:00:17"]
[BlackClock "0:00:03"]

1. f4 d5 2. Nf3 g6 3. c4 d4 4. g3 Bg7 5. Bg2 Nc6 6. O-O Nh6 7. d3 O-O 8. Nbd2 a5 9. b3 Ng4 10. Ne4 f5 11. Nc5 Qd6 12. Na4 e5 13. fxe5 Ncxe5 14. Nxe5 Bxe5 15. c5 Qe7 16. Bf4 Bxf4 17. Rxf4 Qe3+ 18. Kh1 Qxf4 19. gxf4 Nf2+ 20. Kg1 Nxd1 21. Rxd1 Rb8 22. Kf2 Re8 23. h4 Be6 24. Rc1 Kg7 25. Nb2 c6 26. Nc4 Bxc4 27. Rxc4 Red8 28. b4 Ra8 29. a3 axb4 30. Rxb4 Rd7 31. a4 Kf6 32. Bf3 h6 33. Ke1 g5 34. hxg5+ hxg5 35. fxg5+ Kxg5 36. Kd2 Kf6 37. Kc2 Ra5 38. Rc4 Ke5 39. Kb3 Rd8 40. Kb4 Rda8 41. Kb3 R8a6 42. Ka3 Rb5 43. Ka2 Rba5 44. Kb3 Ra8 45. Ka3 f4 46. Kb3 R8a6 47. Ka3 Ra7 48. Kb3 R7a6 49. Ka3 Ra8 50. Kb3 Rh8 51. Kb4 Raa8 52. Kb3 Rag8 53. Rb4 Rg7 54. a5 Ra8 55. Ka4 Rg5 56. Rb6 Ke6 57. Kb4 Rg1 58. Kc4 Rc1+ 59. Kxd4 Rxa5 60. Rxb7 Ra4+ 61. Rb4 Rxb4# 0-1


[Site "https://www.chess.com"]

[Event "Titled Tuesday Blitz December 14 2021"]
[White "Horvath, Dominik"]
[Black "Gunduz, Umut Erdem"]
[WhiteFideId "1642561"]
[BlackFideId "6381383"]
[WhiteElo "2336"]
[BlackElo "2096"]
[Result "1-0"]
[Round "07"]
[TimeControl "180+1"]
[Date "2021.12.15"]
[WhiteClock "0:00:07"]
[BlackClock "0:00:01"]

1. e4 e5 2. Nf3 Nc6 3. Nc3 Nf6 4. a4 d5 5. Bb5 d4 6. Ne2 Bd6 7. d3 Bd7 8. O-O a6 9. Bc4 Qe7 10. h3 Nh5 11. c3 dxc3 12. bxc3 f6 13. Rb1 Nd8 14. d4 g5 15. dxe5 fxe5 16. Bxg5 Qg7 17. Ng3 Nf4 18. Nf5 Bxf5 19. exf5 Nxh3+ 20. gxh3 h6 21. f6 Qg6 22. Bd3 Qg8 23. Re1 Nf7 24. Bc4 hxg5 25. Qd5 Kf8 26. Rxb7 Re8 27. Kf1 Rxh3 28. Nxg5 Rh1+ 29. Qxh1 Qxg5 30. Bxf7 Kxf7 31. Qd5+ Kxf6 32. Re3 Rg8 33. Rf3+ Kg6 34. Qf7+ Kh6 35. Rh3+ Qh5 36. Qxh5+ Kg7 37. Qh6+ Kf7 38. Qxd6 1-0


[Site "https://www.chess.com"]

[Event "Titled Tuesday Blitz December 14 2021"]
[White "Ibarra Jerez, Jose Carlos"]
[Black "Kanyamarala, Tarun"]
[WhiteFideId "2226332"]
[BlackFideId "45004714"]
[WhiteElo "2626"]
[BlackElo "2077"]
[Result "1-0"]
[Round "07"]
[TimeControl "180+1"]
[Date "2021.12.14"]
[WhiteClock "0:00:20"]
[BlackClock "0:00:19"]

1. e4 c5 2. Nc3 Nc6 3. Nf3 e5 4. Bc4 Be7 5. d3 d6 6. O-O Nf6 7. Ng5 O-O 8. f4 Bg4 9. Qe1 exf4 10. Bxf4 Nd4 11. Qd2 h6 12. Nf3 Nxf3+ 13. gxf3 Be6 14. Kh1 d5 15. Bb3 c4 16. Bxh6 gxh6 17. Qxh6 Nh7 18. Rg1+ Bg5 19. f4 cxb3 20. fxg5 Kh8 21. g6 fxg6 22. Rxg6 Qd7 23. Rag1 Qf7 24. axb3 Rg8 25. Rxg8+ Rxg8 26. Rxg8+ Kxg8 27. Kg1 d4 28. Ne2 Qf3 29. Qxe6+ Kh8 30. Qe8+ Kg7 31. Qd7+ Kg8 32. Qe6+ Kg7 33. Qe5+ Nf6 34. Qg3+ 1-0


[Site "https://www.chess.com"]

[Event "Titled Tuesday Blitz December 14 2021"]
[White "Ibrahimli, Murad"]
[Black "Tsydypov, Zhamsaran"]
[WhiteFideId "13410229"]
[BlackFideId "4108566"]
[WhiteElo "2109"]
[BlackElo "2614"]
[Result "0-1"]
[Round "07"]
[TimeControl "180+1"]
[Date "2021.12.14"]
[WhiteClock "0:00:05"]
[BlackClock "0:01:38"]

1. d4 Nf6 2. c4 e6 3. Nf3 Bb4+ 4. Bd2 a5 5. g3 O-O 6. Bg2 d5 7. Qc2 c5 8. dxc5 Bxc5 9. cxd5 Qb6 10. O-O exd5 11. Nc3 Be7 12. Bg5 Be6 13. Rfd1 Nc6 14. Be3 Qa6 15. a3 Rac8 16. h3 h6 17. Qa4 Rfd8 18. Rac1 Bf8 19. Qb5 Qa8 20. Nd4 Bd7 21. Qb3 Be6 22. Na4 Nxd4 23. Bxd4 Rxc1 24. Rxc1 Ne4 25. Rc2 Qa6 26. e3 Bf5 27. g4 Bg6 28. Rc7 Qe2 29. Rc2 Qe1+ 30. Bf1 Ng5 31. Bc3 Nxh3+ 32. Kg2 Be4+ 33. f3 Bxf3+ 34. Kxf3 Qxf1+ 35. Kg3 Bd6+ 36. Kh4 g5+ 37. Kh5 Nf4+ 38. Kxh6 Qh3+ 39. Kxg5 Ne6+ 40. Kf5 Qf3# 0-1


[Site "https://www.chess.com"]

[Event "Titled Tuesday Blitz December 14 2021"]
[White "Iskusnyh, Sergei"]
[Black "Sliwicki, Damian"]
[WhiteFideId "4120027"]
[BlackFideId "1127128"]
[WhiteElo "2492"]
[BlackElo "2151"]
[Result "1/2-1/2"]
[Round "07"]
[TimeControl "180+1"]
[Date "2021.12.15"]
[WhiteClock "0:00:19"]
[BlackClock "0:00:09"]

1. d4 d5 2. c4 e6 3. Nf3 Nf6 4. g3 dxc4 5. Bg2 c5 6. O-O Nc6 7. Na3 cxd4 8. Nxc4 Be7 9. a3 O-O 10. b4 Bd7 11. Bb2 Rc8 12. Rc1 a6 13. Nxd4 Nxd4 14. Qxd4 Bb5 15. Rfd1 Qxd4 16. Rxd4 Nd5 17. e4 Bf6 18. e5 Bg5 19. f4 Bd8 20. Kh1 Bxc4 21. Rdxc4 Rxc4 22. Rxc4 Ne3 23. Rd4 Nxg2 24. Kxg2 Bc7 25. Rd7 Rc8 26. Bd4 b6 27. Kf3 Kf8 28. Be3 Ke8 29. Rd3 Rd8 30. Rc3 Kd7 31. g4 b5 32. Ke4 Rc8 33. Bc5 Bd8 34. Rd3+ Ke8 35. Rh3 h6 36. Rd3 Be7 37. Rc3 Bxc5 38. bxc5 Kd7 39. Rd3+ Kc6 40. Rd6+ Kxc5 41. Rxa6 Rc7 42. h4 Rd7 43. f5 Rd4+ 44. Kf3 exf5 45. gxf5 Rxh4 46. e6 fxe6 47. fxe6 Rh1 48. Kf4 Re1 49. Kf5 Kd5 50. Rb6 Re5+ 51. Kf4 Rxe6 52. Rxb5+ Kc6 53. Ra5 Rf6+ 54. Ke5 Kb6 55. Ra8 Rg6 56. a4 Rg5+ 57. Ke6 Ra5 58. Rg8 Ra7 59. Rd8 Ka5 60. Rd4 Kb6 61. Kf5 Kc5 62. Re4 Kd5 63. Rb4 Rf7+ 64. Kg6 Ra7 65. Rf4 Ke5 66. Rb4 Kd5 67. Rh4 Kc5 68. a5 Rxa5 69. Kxg7 Ra6 70. Rxh6 Rxh6 71. Kxh6 1/2-1/2


[Site "https://www.chess.com"]

[Event "Titled Tuesday Blitz December 14 2021"]
[White "Itkis, Boris"]
[Black "Walentukiewicz, Michal"]
[WhiteFideId "1209167"]
[BlackFideId "1126903"]
[WhiteElo "2207"]
[BlackElo "2040"]
[Result "0-1"]
[Round "07"]
[TimeControl "180+1"]
[Date "2021.12.15"]
[WhiteClock "0:00:11"]
[BlackClock "0:00:36"]

1. c4 g6 2. Nf3 Bg7 3. g3 c5 4. Bg2 Nf6 5. O-O O-O 6. d4 cxd4 7. Nxd4 Nc6 8. Nc2 d6 9. Nc3 Be6 10. b3 Qa5 11. Bb2 Rfc8 12. Qd3 Rab8 13. a3 a6 14. b4 Qd8 15. Ne3 Ne5 16. Qd2 Nxc4 17. Nxc4 Bxc4 18. Rac1 b5 19. Rfd1 Qb6 20. h4 a5 21. e3 axb4 22. axb4 Bb3 23. Re1 Ng4 24. Bd5 Ne5 25. Kg2 Nc4 26. Bxc4 Bxc4 27. f3 Rc6 28. Ne4 Rbc8 29. Bxg7 Kxg7 30. Qb2+ f6 31. h5 Bd5 32. Rxc6 Qxc6 33. h6+ Kxh6 34. Nxf6 Qc2+ 35. Re2 Qxb2 36. Ng4+ Kg7 37. Rxb2 h5 38. Nf2 Rc3 39. e4 Bc4 40. Nd1 Rd3 41. Nf2 Ra3 42. Nd1 Kf6 43. Kf2 Ke5 44. Ne3 Rc3 45. Rd2 g5 46. Nxc4+ bxc4 47. Rd5+ Kf6 48. Rf5+ Kg6 49. b5 Rb3 50. Ke2 g4 51. fxg4 hxg4 52. Rf4 Rxg3 53. e5 d5 54. e6 Rb3 55. Rxg4+ Kf6 56. b6 Rxb6 57. Ke3 Rxe6+ 58. Kd4 Re4+ 59. Rxe4 dxe4 60. Kxe4 Ke6 61. Kd4 Kf5 62. Kxc4 Ke4 63. Kc3 Ke3 64. Kc2 e5 65. Kd1 Kf2 66. Kd2 e4 67. Kc3 e3 0-1


[Site "https://www.chess.com"]

[Event "Titled Tuesday Blitz December 14 2021"]
[White "Jakubowski, Krzysztof"]
[Black "VesePower"]
[WhiteFideId "1112848"]
[WhiteElo "2373"]
[BlackElo "2748"]
[Result "0-1"]
[Round "07"]
[TimeControl "180+1"]
[Date "2021.12.15"]
[WhiteClock "0:00:01"]
[BlackClock "0:00:13"]

1. e4 c6 2. d4 d5 3. e5 Bf5 4. Nf3 e6 5. Be2 Bb4+ 6. Nbd2 Nd7 7. O-O Ne7 8. Nb3 Ng6 9. a4 Be7 10. a5 h5 11. Be3 h4 12. c4 f6 13. cxd5 cxd5 14. exf6 gxf6 15. Rc1 Kf7 16. Qd2 Bd6 17. Nc5 Rb8 18. Rfe1 Rg8 19. Bb5 Ndf8 20. Bh6 Bg4 21. Rc3 b6 22. axb6 Rxb6 23. Bf1 Qb8 24. b3 Bf4 25. Qa2 Bxh6 26. h3 Bf5 27. Bd3 Bxd3 28. Rxd3 Nf4 29. Nxh4 Nxd3 30. Nxd3 Rxb3 31. Nc5 Rb6 32. Qe2 Qf4 33. Qh5+ Kg7 34. Nd3 Qg5 0-1


[Site "https://www.chess.com"]

[Event "Titled Tuesday Blitz December 14 2021"]
[White "Jovic, Stanoje"]
[Black "Erdogdu, Mert"]
[WhiteFideId "905020"]
[BlackFideId "6301495"]
[WhiteElo "2286"]
[BlackElo "2485"]
[Result "1/2-1/2"]
[Round "07"]
[TimeControl "180+1"]
[Date "2021.12.15"]
[WhiteClock "0:00:20"]
[BlackClock "0:00:10"]

1. c4 e6 2. g3 d5 3. Bg2 Nf6 4. Nf3 c5 5. cxd5 exd5 6. O-O Be7 7. d4 O-O 8. dxc5 Bxc5 9. a3 Ne4 10. b4 Bb6 11. Bb2 Nc6 12. Nc3 Nxc3 13. Bxc3 d4 14. Bb2 a6 15. Qd2 Bg4 16. Rfd1 Re8 17. h3 Bh5 18. Rac1 Qe7 19. g4 Bg6 20. Nxd4 Bxd4 21. Bxd4 Rad8 22. e3 h5 23. Qb2 hxg4 24. hxg4 Qg5 25. Bf3 Be4 26. Qe2 Nxd4 27. exd4 Bc6 28. Qd3 Rxd4 29. Qxd4 Bxf3 30. Rc3 Bxd1 31. Qxd1 Re4 32. f3 Re8 33. Rd3 Rc8 34. Kg2 g6 35. Qd2 Qxd2+ 36. Rxd2 Rc3 37. Rd7 b5 38. Kg3 Rxa3 39. Ra7 Kg7 40. Kf4 Ra4 41. Ke5 Rxb4 42. Rxa6 Rb3 43. f4 b4 44. f5 gxf5 45. gxf5 Rh3 46. Rb6 b3 47. Rb8 f6+ 48. Kd5 Rf3 49. Rb7+ Kh6 50. Ke6 Kg5 51. Rg7+ Kf4 52. Kxf6 Rc3 53. Rb7 Rc6+ 54. Ke7 Kxf5 55. Rxb3 Rc7+ 56. Kd6 Rc4 57. Rb5+ Ke4 58. Rb1 Kd3 59. Kd5 Rd4+ 60. Ke5 Re4+ 61. Kd5 Rd4+ 62. Ke5 Re4+ 63. Kf5 Rd4 64. Rd1+ Kc4 65. Rxd4+ Kxd4 1/2-1/2


[Site "https://www.chess.com"]

[Event "Titled Tuesday Blitz December 14 2021"]
[White "Korchmar, Vasiliy"]
[Black "Koellner, Ruben Gideon"]
[WhiteFideId "24131750"]
[BlackFideId "12993093"]
[WhiteElo "2370"]
[BlackElo "2587"]
[Result "0-1"]
[Round "07"]
[TimeControl "180+1"]
[Date "2021.12.15"]
[WhiteClock "0:00:02"]
[BlackClock "0:00:43"]

1. e4 d6 2. d4 Nf6 3. Nc3 e5 4. Nf3 Nbd7 5. Bc4 Be7 6. O-O c6 7. a4 h6 8. Re1 Qc7 9. b3 Nf8 10. Ba3 Ng6 11. Bf1 O-O 12. h3 Rd8 13. Qd2 b6 14. Rad1 a6 15. g3 b5 16. Bg2 exd4 17. Nxd4 c5 18. Ndxb5 axb5 19. Nxb5 Qb6 20. Bb2 Bb7 21. Kh2 Bc6 22. Nc3 Qb7 23. Nd5 Bxd5 24. exd5 Bf8 25. f4 Re8 26. f5 Ne7 27. Qf4 Qb4 28. Qxb4 cxb4 29. Bxf6 gxf6 30. g4 Rec8 31. Be4 Rc5 32. Rd4 Rb8 33. Red1 h5 34. Ra1 hxg4 35. hxg4 Bh6 36. a5 Bf4+ 37. Kg2 Be5 0-1


[Site "https://www.chess.com"]

[Event "Titled Tuesday Blitz December 14 2021"]
[White "Korsunsky, Yuri"]
[Black "Kim, Sergey"]
[WhiteFideId "14102722"]
[BlackFideId "13700570"]
[WhiteElo "2428"]
[BlackElo "2548"]
[Result "1/2-1/2"]
[Round "07"]
[TimeControl "180+1"]
[Date "2021.12.15"]
[WhiteClock "0:00:09"]
[BlackClock "0:00:17"]

1. h3 Nf6 2. h4 g6 3. h5 Nxh5 4. g3 Bg7 5. Bg2 d6 6. d4 c6 7. c3 Nd7 8. e4 e5 9. Be3 Nhf6 10. Bh6 Bxh6 11. Rxh6 Qe7 12. Nd2 Nb6 13. a4 a5 14. f3 O-O 15. Qe2 Be6 16. Bh3 Rfe8 17. Bxe6 Qxe6 18. Nh3 d5 19. Ng5 Qd7 20. dxe5 Rxe5 21. f4 Re7 22. e5 Ne8 23. Rxh7 f6 24. Rxe7 Qxe7 25. exf6 Qxe2+ 26. Kxe2 Nxf6 27. b3 Re8+ 28. Kd3 Ng4 29. Ndf3 c5 30. Re1 c4+ 31. bxc4 dxc4+ 32. Kd4 Rxe1 33. Nxe1 Nxa4 34. Kxc4 Nb2+ 35. Kb3 Nd1 36. c4 Nge3 37. Nd3 Nf5 38. Ne4 Nde3 39. c5 Nd4+ 40. Ka4 Nc6 41. Kb5 Nd5 42. Ne5 Nxe5 43. fxe5 Kf7 44. Kxa5 Ke6 45. Nd6 Kxe5 46. Nxb7 Ke4 47. c6 Kf3 48. Nd6 Kxg3 49. Nf7 Kf4 50. Kb5 Kf5 51. Kc5 Nc7 52. Kb6 Ne6 53. c7 Nxc7 54. Kxc7 Kf6 55. Nh6 g5 56. Kd6 Kg6 57. Ng4 Kf5 58. Ne5 Kf4 59. Kd5 g4 60. Nxg4 1/2-1/2


[Site "https://www.chess.com"]

[Event "Titled Tuesday Blitz December 14 2021"]
[White "Kosakowski, Jakub"]
[Black "Swicarz, Maciej"]
[WhiteFideId "1185080"]
[BlackFideId "1113585"]
[WhiteElo "2340"]
[BlackElo "2131"]
[Result "0-1"]
[Round "07"]
[TimeControl "180+1"]
[Date "2021.12.15"]
[WhiteClock "0:00:02"]
[BlackClock "0:00:05"]

1. b3 c5 2. Bb2 Nc6 3. Nf3 d5 4. e3 a6 5. d4 cxd4 6. Nxd4 Nf6 7. Nxc6 bxc6 8. Nd2 e6 9. Bd3 Bd6 10. O-O O-O 11. e4 Nd7 12. Re1 Qh4 13. Nf3 Qh5 14. Qe2 a5 15. c4 Bb7 16. cxd5 cxd5 17. e5 Bb4 18. Rec1 Rfc8 19. a3 Bf8 20. Qe3 Nc5 21. Be2 Qg6 22. Nd4 Rab8 23. b4 axb4 24. axb4 Nd7 25. Bd3 Qh5 26. Bf1 Bxb4 27. Rxc8+ Rxc8 28. Ra7 Rb8 29. Nb3 Bc8 30. Qc1 h6 31. Qc7 Qf5 32. Nd4 Qb1 33. Nc6 Qxb2 34. Nxb8 Bc5 35. Qxc8+ Kh7 36. Bd3+ g6 37. Qxc5 Nxc5 38. Rxf7+ Kg8 39. Rf3 Nxd3 0-1


[Site "https://www.chess.com"]

[Event "Titled Tuesday Blitz December 14 2021"]
[White "Krutko, Anatoly"]
[Black "Wagner, Dennis"]
[WhiteFideId "4185862"]
[BlackFideId "24650684"]
[WhiteElo "2378"]
[BlackElo "2355"]
[Result "0-1"]
[Round "07"]
[TimeControl "180+1"]
[Date "2021.12.15"]
[WhiteClock "0:00:04"]
[BlackClock "0:00:11"]

1. e4 c5 2. Ne2 d6 3. g3 g6 4. Bg2 Bg7 5. O-O Nc6 6. c3 e5 7. Na3 Nge7 8. d4 cxd4 9. cxd4 Nxd4 10. Nxd4 exd4 11. Nb5 Qb6 12. Na3 Be6 13. Bg5 h6 14. Bxe7 Kxe7 15. b3 Rac8 16. Kh1 h5 17. f4 h4 18. g4 h3 19. Bf3 d3 20. f5 Bxa1 21. Qxa1 Bd7 22. g5 Rhf8 23. Qf6+ Ke8 24. Nc4 Rxc4 25. bxc4 d2 26. Qc3 gxf5 27. Qxd2 fxe4 28. Bxe4 Bc6 29. Bd5 Bxd5+ 30. cxd5 Qb5 31. Re1+ Kd8 32. Rc1 Re8 33. g6 fxg6 34. Qg5+ Re7 35. Qd2 Qa4 0-1


[Site "https://www.chess.com"]

[Event "Titled Tuesday Blitz December 14 2021"]
[White "Le Goff, Ronan"]
[Black "Supatashvili, Khvicha"]
[WhiteFideId "612073"]
[BlackFideId "13600664"]
[WhiteElo "2276"]
[BlackElo "2707"]
[Result "1/2-1/2"]
[Round "07"]
[TimeControl "180+1"]
[Date "2021.12.15"]
[WhiteClock "0:00:04"]
[BlackClock "0:00:06"]

1. d4 Nf6 2. Nf3 d5 3. c4 e6 4. Nc3 Bb4 5. Bg5 h6 6. Bxf6 Qxf6 7. e3 O-O 8. Rc1 dxc4 9. Bxc4 c5 10. O-O cxd4 11. Ne4 Qe7 12. a3 Ba5 13. Qxd4 Rd8 14. Qc5 Qxc5 15. Nxc5 Nd7 16. Nxd7 Bxd7 17. Ne5 Ba4 18. b3 Be8 19. Rfd1 Bd2 20. Rb1 Bc3 21. Nf3 b5 22. Be2 a5 23. Nd4 b4 24. a4 Bxd4 25. exd4 Rd6 26. Rbc1 Bc6 27. Rxc6 Rxc6 28. Bf3 Rac8 29. Bxc6 Rxc6 30. g3 Kf8 31. d5 Rd6 32. Rc1 Rxd5 33. Rc7 g5 34. Kg2 Kg7 35. Ra7 Kg6 36. Kf3 Rd3+ 37. Kg2 Rxb3 38. Rxa5 Ra3 39. Ra7 e5 40. a5 e4 41. Rb7 Rxa5 42. Rxb4 f5 43. Rb6+ Kg7 44. Rb7+ Kg6 45. Rb6+ Kh5 46. Rf6 g4 47. h4 gxh3+ 48. Kxh3 Kg5 49. Re6 Ra2 50. Kg2 h5 51. Re8 Kf6 52. Kg1 Re2 53. Rh8 Kg5 54. Rg8+ Kh6 55. Rh8+ Kg6 56. Rg8+ Kf6 57. Rh8 Kg6 58. Rg8+ Kf7 59. Rh8 Ke6 60. Rxh5 Ra2 61. Rh8 Ke5 62. Re8+ Kd4 63. Rd8+ Ke5 64. Re8+ Kf6 65. Rf8+ Kg5 66. Re8 Kg4 67. Kg2 Rb2 68. Rg8+ Kh5 69. Re8 Kg5 70. Rg8+ Kf6 71. Rf8+ Ke6 72. Re8+ Kf7 73. Re5 Kf6 74. Re8 Ra2 75. Kg1 Kg6 76. Kg2 Kg5 77. Rg8+ Kf6 78. Rf8+ Ke6 79. Re8+ Kf7 80. Re5 Kg6 81. Re8 Kf6 82. Kg1 Kg5 83. Kg2 Kg6 84. Kg1 Rb2 85. Kg2 Rc2 86. Kg1 Rc1+ 87. Kg2 Rc3 88. Re7 Kg5 89. Re8 Rc2 90. Re7 Kf6 91. Re8 Kf7 92. Re5 Kf6 93. Re8 Kf7 94. Re5 Kf6 95. Re8 1/2-1/2


[Site "https://www.chess.com"]